 Dungeon Crawl Stone Soup version 0.29-a0-582-ge82337ba6a (webtiles) character file.

Game seed: 7393544849048327254

23 bande the Covered (level 3, -1/23 HPs)
             Began as a Gargoyle Fighter on June 15, 2022.
             Killed from afar by an orc wizard (6 damage)
             ... with a magic dart
             ... on level 2 of the Dungeon.
             The game lasted 00:01:54 (1196 turns).

bande the Covered (Gargoyle Fighter)                Turns: 1196, Time: 00:01:55

Health: -1/23      AC: 11    Str: 19    XL:     3   Next: 0%
Magic:  3/3        EV:  9    Int:  8    God:
Gold:   62         SH:  0    Dex: 11    Spells: 2/2 levels left

rFire   . . .      SeeInvis .   a - +0 war axe
rCold   . . .      Faith    .   c - +0 buckler
rNeg    + . .      Spirit   .   b - +0 scale mail
rPois   ∞          Reflect  .   (no helmet)
rElec   +          Harm     .   (no cloak)
rCorr   .          Rampage  .   h - +0 pair of gloves
Will    .....                   (no boots)
Stlth   ..........              (no amulet)
HPRegen 0.07/turn               (no ring)
MPRegen 0.08/turn               (no ring)

@: confused
A: sickness immunity, AC +3, negative energy resistance 1, electricity
resistance, torment resistance 1, petrification resistance
a: no special abilities


You were on level 2 of the Dungeon.
You visited 1 branch of the dungeon, and saw 2 of its levels.

You collected 62 gold pieces.

Inventory:

Hand Weapons
 a - a +0 war axe (weapon)
Armour
 b - a +0 scale mail (worn)
 c - a +0 buckler (worn)
 h - a +0 pair of gloves (worn)
Scrolls
 f - 2 scrolls of fear {unknown}
Potions
 d - a potion of might
 e - a potion of curing
 g - a potion of heal wounds
 k - a potion of flight {unknown}
 m - a potion of ambrosia {unknown}


   Skills:
 + Level 3.6 Fighting
 + Level 1.8 Axes
 + Level 3.8 Armour
 + Level 3.6 Shields


You had 2 spell levels left.
You didn't know any spells.
Your spell library was empty.

Dungeon Overview and Level Annotations

Branches:
Dungeon (2/15)

Altars:


Innate Abilities, Weirdness & Mutations

You are immune to sickness and miasma.
Your stone body is resilient. (AC +3)
You are immune to poison.
You resist negative energy. (rN+)
You are resistant to electric shocks. (rElec)
You are resistant to unholy torment.
You are immune to petrification.


Message History

You feel agile. x2
You barely miss the orc. You closely miss something.
The adder hisses angrily.
The orc hits you but does no damage. Something hits you but does no damage.
You hit the orc.
The orc is moderately wounded.
You miss something.
You hear some strange, mumbled words.
A puff of flame appears from out of thin air!
The puff of flame hits you. The orc hits you with a +0 club.
You barely miss the orc.
The orc is moderately wounded.
You barely miss something. Something hits you but does no damage.
The orc hits you with a +0 club. The orc closely misses you.
You hear some strange, mumbled words.
You are confused.
Unknown command.
The orc attacks as you move away! The orc hits you with a +0 club.
The adder attacks as you move away! The adder bites you but does no damage.
Unknown command.
You bump into the rock wall.
The adder barely misses you.
You barely miss the adder. You closely miss the adder. You hit the orc.
You closely miss something. The adder bites you.
The adder bites you but does no damage. The orc hits you but does no damage.
Something completely misses you. The adder bites you but does no damage.
Unknown command.
You're too confused to move!
The adder bites you.
* * * LOW HITPOINT WARNING * * *
The orc closely misses you.
You hear some strange, mumbled words.
You are more confused.
The adder barely misses you. The adder bites you but does no damage.
You barely miss the orc.
The orc is almost dead.
You barely miss the adder. You closely miss the adder. You miss something.
The adder bites you but does no damage.
You hear some strange, mumbled words.
A magic dart appears from out of thin air!
The magic dart hits you.
You die...

.. .# ####... .. #.#
#.#...... #.# ..
#...####. #..####.# #....
## #...#..# ...#.####
....... .........
#..#########. ###.###.
#...{o....... #.###.
#<#.S@### #..##. #...#S##
###....
#..###..#########....#.
.....####......##...##...
#...##.....###....####...
#..# #.....# ##..##....#.
#.. #.....# #......####.
... #.....# #.#...## #.
.......# #...#.# ##


You could see 2 adders and an orc.

Vanquished Creatures
  An orc (D:2)
  3 bats (D:1)
  3 endoplasms (D:1)
  2 goblins (D:1)
  3 hobgoblins (D:1)
  2 kobolds (D:1)
  A quokka (D:2)
  3 ball pythons (D:1)
  A frilled lizard (D:1)
  A rat (D:1)
20 creatures vanquished.

Notes
Turn   | Place    | Note
-------+----------+-------------------------------------------
     0 | D:1      | bande the Gargoyle Fighter began the quest for the Orb.
     0 | D:1      | Reached XP level 1. HP: 14/14 MP: 1/1
   283 | D:1      | Reached XP level 2. HP: 19/19 MP: 2/2
   481 | D:1      | Found a faded altar of an unknown god.
  1189 | D:2      | Reached XP level 3. HP: 18/23 MP: 3/3
  1196 | D:2      | Killed from afar by an orc wizard

Illustrated notes

Levels and vault maps discovered:
D:1:      doesnt_arrival_eight_statues, layout_basic,
          hellmonk_ecumenical_altar_leap_of_faith, chequers_arboretum,
          minivault_23, minmay_misc_feat_room
D:2:      layout_rooms, minmay_misc_feat_tiny, interstate_on_off

Action                   || total
-------------------------++-------
Melee: War axe           ||    59
  Use: Scroll            ||     7
Armor: Scale mail        ||    39
Dodge: Dodged            ||    40
Block: Buckler           ||    14

Table legend: (Time is in decaauts)
 A = Elapsed time spent in this place.
 B = Non-inter-level travel time spent in this place.
 C = Inter-level travel time spent in this place.
 D = Time resting spent in this place.
 E = Time spent auto-exploring this place.
 F = Levels seen in this place.
 G = Mean time per level.
                   A        B        C        D        E       F      G
               +--------+--------+--------+--------+--------+-----+--------+
         Total |   1222 |   1179 |     43 |      0 |    973 |   2 |  611.0 |
       Dungeon |   1222 |   1179 |     43 |      0 |    973 |   2 |  611.0 |
               +--------+--------+--------+--------+--------+-----+--------+

Top non-repeatable levels by time:
     D:1: 1043 daAuts
     D:2: 178 daAuts
